 Dungeon Crawl Stone Soup version 0.18-b1-22-ge198996 (webtiles) character file.

63648 Ijustatesigmund the Brawler (level 14, 0/146 HPs)
             Began as a Troll Hunter on May 2, 2016.
             Was a High Priest of Okawaru.
             Slain by an ufetubus (2 damage)
             ... on level 3 of the Abyss on May 3, 2016.
             The game lasted 01:45:24 (20852 turns).

Ijustatesigmund the Brawler (Troll Hunter)         Turns: 20852, Time: 01:45:25

Health: 0/146      AC: 10    Str: 23      XL:     14   Next: 68%
Magic:  0/18       EV: 14    Int: 15 (20) God:    Okawaru [*****.]
Gold:   870        SH: 14    Dex: 17      Spells: 3 memorised, 10 levels left

rFire  + + +     SeeInvis +       - Unarmed
rCold  . . .     Gourm    +     t - +1 robe "Ycanik" {rPois rF++ Int+4} (curse)
rNeg   . . .     Faith    .     T - +1 shield {rF+}
rPois  +         Spirit   +     x - +2 hat
rElec  .         Dismiss  .     I - +1 cloak of Gallantry {Int+9}
rCorr  .         Reflect  .     (gloves unavailable)
SustAt .         Harm     .     (boots unavailable)
MR     +....                    U - amulet of guardian spirit
Stlth  ++........               B - +3 ring of dexterity
                                y - ring of see invisible

@: heroism, finesse, constricted, somewhat resistant to hostile enchantments,
unstealthy
A: unfitting armour, claws 3, fast metabolism 3, gourmand, regeneration 2,
shaggy fur 1, tough skin 2
a: Heroism, Finesse, Renounce Religion


You were on level 3 of the Abyss.
You worshipped Okawaru.
Okawaru was extremely pleased with you.
You were full.

You visited 2 branches of the dungeon, and saw 22 of its levels.
You visited the Abyss 1 time.
You also visited: Sewer and Volcano.

You collected 1427 gold pieces.
You spent 557 gold pieces at shops.

Inventory:

Hand Weapons
 V - a +8 blowgun
Missiles
 c - 4 large rocks (quivered)
 d - 4 throwing nets
 M - 2 javelins of penetration
 W - 8 curare-tipped needles
Armour
 t - the cursed +1 robe "Ycanik" (worn) {rPois rF++ Int+4}
   (You bought it in a shop on level 12 of the Dungeon)

   It affects your intelligence (+4).
   It greatly protects you from fire.
   It protects you from poison.
   It has a curse placed upon it.
 x - a +2 hat (worn)
 I - the +1 cloak of Gallantry (worn) {Int+9}
   (Okawaru gifted it to you on level 5 of the Lair of Beasts)

   It affects your intelligence (+9).
 R - a +2 large shield of protection
 T - a +1 shield of fire resistance (worn)
Jewellery
 e - an uncursed ring of flight
 r - an uncursed ring of resist corrosion
 y - a ring of see invisible (left claw)
 B - a +3 ring of dexterity (right claw)
 J - a cursed amulet of inaccuracy {unknown}
 S - an uncursed ring of ice
 U - an amulet of guardian spirit (around neck)
Wands
 z - a wand of teleportation (2/9)
 A - a wand of disintegration (11/24)
 K - a wand of digging (14/24)
 Q - a wand of lightning (7/15)
 Y - a wand of enslavement (14/24)
 Z - a wand of iceblast (5/15)
Scrolls
 b - a scroll of enchant armour
 p - 2 scrolls of magic mapping
 q - 3 scrolls of recharging
 s - 10 scrolls of remove curse
 C - 4 scrolls of immolation
 F - a scroll of amnesia
Potions
 a - 2 potions of cure mutation
 g - 2 potions of mutation
 k - a potion of resistance
 l - 5 potions of might
 m - 3 potions of haste
 n - 2 potions of agility
 o - 5 potions of brilliance
 u - a potion of ambrosia
 v - 4 potions of curing
 w - 3 potions of flight
 E - 4 potions of lignification
 O - 5 potions of magic
 P - a potion of degeneration {unknown}
Books
 N - a book of the Dragon

   Spells                             Type                      Level
   a - Flame Tongue                   Conjuration/Fire             1
   b - Cause Fear                     Hexes                        4
   c - Bolt of Fire                   Conjuration/Fire             6
   d - Dragon Form                    Transmutation                7
   e - Dragon's Call                  Summoning                    9
Comestibles
 f - 16 bread rations
 D - 8 meat rations
 G - 9 slices of pizza
 H - 6 fruits


   Skills:
 + Level 11.1(16.1) Fighting
 - Level 5.6(10.6) Throwing
 - Level 5.8(10.8) Dodging
 - Level 0.4(5.4) Stealth
 - Level 7.1(12.1) Shields
 * Level 16.8(21.8) Unarmed Combat
 - Level 1.2 Summonings
 - Level 1.2 Translocations
 - Level 1.2 Transmutations
 - Level 7.0 Invocations


You had 10 spell levels left.
You knew the following spells:

 Your Spells              Type           Power        Failure   Level  Hunger
a - Apportation           Tloc           #.........   17%         1    ##.....
b - Summon Butterflies    Summ           #.......     17%         1    ##.....
c - Beastly Appendage     Trmt           #.....       17%         1    ##.....


Dungeon Overview and Level Annotations

Branches:
Dungeon (14/15)            Temple (0/1) D:6            Lair (8/8) D:10
  Swamp (0/4) Lair:4       Spider (0/4) Lair:5        Slime (0/6) Lair:6
    Orc (0/2) D:12
 Vaults: D:13-14

Altars:
Ashenzari
Cheibriados
Dithmenos
Fedhas
Gozag
Okawaru
Pakellas
Trog
Xom
Zin

Shops:
D:6 :   D:12 [

Annotations:
Lair:8 exclusion: 3 oklob plants


Innate Abilities, Weirdness & Mutations

You are too large for most types of armour.
You have claws for hands.
Your metabolism is lightning-fast.
You like to eat raw meat.
You heal very quickly.
You are covered in fur (AC +1).
You have very tough skin (AC +2).


Message History

You block the ufetubus's attack. The ufetubus barely misses you.
You block the naga's attack. The naga grabs you.
* * * LOW HITPOINT WARNING * * *
The naga constricts you.
The naga warrior hits you with a long sword!!
* * * LOW HITPOINT WARNING * * *
You claw the guardian serpent!
The guardian serpent is moderately wounded.
The naga hits you with a battleaxe!
* * * LOW HITPOINT WARNING * * *
The guardian serpent casts a spell at you.
The bolt of poison hits you! You resist.
* * * LOW HITPOINT WARNING * * *
The bolt of poison hits the naga warrior.
Read which item? (? for menu, Esc to quit)
Okay, then.
You barely miss the guardian serpent.
The guardian serpent is moderately wounded.
You block the ufetubus's attack. The ufetubus hits you.
You die...

... ..... § §#
........###.....#
.......§...§.....
.................
................#
..........§.....#
........§§.......
......NS5.......
......N@.........
.......NN...... .
#.............#..
.................
................
................
...............
.............#.
#.. . . ..


You could see 2 naga warriors, a guardian serpent, 2 nagas and an ufetubus.

Vanquished Creatures
  Kirke (Lair:7)
  Harold (Lair:2)
  6 hydras
  A centaur warrior (D:13)
  A catoblepas (Lair:5)
  Erica (D:8)
  5 death yaks (Lair:7)
  Urug (D:11)
  Sonja (D:13)
  An unseen horror (Abyss:3)
  A giant orange brain (Abyss:3)
  2 deep elf magi (Volcano)
  3 hill giants
  2 ugly things
  2 griffons
  2 cyclopes
  7 black mambas
  5 elephants (Lair:5)
  A sixfirhy (Abyss:3)
  2 smoke demons
  17 spiny frogs
  A torpor snail (Lair:8)
  4 gargoyles
  7 komodo dragons
  4 rime drakes
  A troll (shapeshifter) (Abyss:3)
  2 trolls
  2 jumping spiders (Lair:5)
  A polar bear (Lair:7)
  3 two-headed ogres
  13 blink frogs
  4 raiju (Abyss:3)
  2 slime creatures (Lair:6)
  2 boulder beetles (Lair:8)
  A redback (Lair:5)
  A vampire (D:12)
  A wyvern (D:8)
  2 hogs
  68 yaks
  A spriggan (Lair:5)
  2 wraiths
  4 basilisks
  A human (D:8)
  4 fire bats
  4 hippogriffs
  4 large abominations (Abyss:3)
  A neqoxec (Abyss:3)
  A mottled dragon (D:11)
  13 water moccasins
  11 porcupines
  3 ice beasts
  5 orc warriors
  2 sky beasts
  2 wasps (D:13)
  2 phantoms
  5 ogres
  6 wolves (Lair:4)
  13 crocodiles
  2 centaurs
  17 giant frogs
  2 big kobolds (D:9)
  2 wyvern skeletons (D:10)
  4 scorpions
  14 killer bees
  A snapping turtle simulacrum (Abyss:3)
  A howler monkey (D:6)
  An electric eel (Lair:6)
  5 crimson imps
  2 quasits
  2 centaur zombies (D:12)
  A giant frog zombie (D:11)
  6 hounds
  7 orc priests
  2 centaur skeletons
  6 jellies
  10 orc wizards
  2 giant frog skeletons
  7 iguanas
  12 worker ants
  6 small abominations (Abyss:3)
  13 sheep
  A hound zombie (D:10)
  A worker ant zombie (D:8)
  A howler monkey skeleton (D:7)
  5 gnolls (D:11)
  9 adders
  59 river rats
  A shadow imp (D:8)
  A white imp (Abyss:3)
  2 oozes (D:3)
  An adder skeleton (D:4)
  A dart slug (D:1)
  11 giant geckos
  50 orcs
  7 bats
  17 giant cockroaches
  7 hobgoblins
  5 jackals
  19 kobolds
  5 quokkas
  5 ball pythons
  A giant gecko skeleton (D:4)
  11 giant newts
  8 goblins
  A jackal skeleton (D:4)
  A jackal zombie (D:7)
  A quokka skeleton (D:5)
  14 rats
636 creatures vanquished.

Vanquished Creatures (collateral kills)
  A fungus (Lair:1)
1 creature vanquished.

Vanquished Creatures (others)
  A two-headed ogre (Volcano)
  A hog (Volcano)
  A human (Lair:7)
  An orc (D:9)
  11 fungi
  3 plants
18 creatures vanquished.

Grand Total: 655 creatures vanquished

Notes
Turn   | Place    | Note
--------------------------------------------------------------
     0 | D:1      | Ijustatesigmund the Troll Hunter began the quest for the Orb.
     0 | D:1      | Reached XP level 1. HP: 19/19 MP: 0/0
    33 | D:1      | Reached skill level 1 in Unarmed Combat
    90 | D:1      | Reached XP level 2. HP: 28/28 MP: 1/1
   438 | D:1      | Reached skill level 2 in Unarmed Combat
   680 | D:2      | Reached XP level 3. HP: 35/35 MP: 2/2
   926 | D:2      | Found an iron altar of Okawaru.
  1056 | D:2      | Became a worshipper of Warmaster Okawaru
  1566 | D:3      | Reached skill level 3 in Unarmed Combat
  1566 | D:3      | Reached XP level 4. HP: 29/44 MP: 3/3
  1657 | D:3      | Found a blossoming altar of Fedhas.
  1803 | D:3      | Found a glowing drain.
  1817 | Sewer    | Entered a sewer
  1834 | Sewer    | Reached XP level 5. HP: 45/50 MP: 4/4
  1860 | Sewer    | Reached skill level 4 in Unarmed Combat
  2336 | D:3      | Reached * piety under Okawaru
  2680 | D:4      | Reached XP level 6. HP: 61/61 MP: 5/5
  2829 | D:4      | You fall through a shaft!
  2829 | D:5      | Entered Level 5 of the Dungeon
  2870 | D:5      | Noticed a sky beast
  2875 | D:5      | Killed a sky beast
  2875 | D:5      | Reached skill level 5 in Unarmed Combat
  3380 | D:5      | Reached XP level 7. HP: 66/68 MP: 6/6
  3443 | D:5      | Found a shadowy altar of Dithmenos.
  3509 | D:5      | Reached skill level 6 in Unarmed Combat
  3518 | D:5      | Reached ** piety under Okawaru
  3983 | D:6      | Found Dapejar's Book Shoppe.
  4137 | D:6      | Reached skill level 7 in Unarmed Combat
  4310 | D:6      | Found a staircase to the Ecumenical Temple.
  4323 | D:6      | Reached XP level 8. HP: 76/79 MP: 8/8
  5201 | D:7      | Reached skill level 5 in Invocations
  5209 | D:7      | Found an oddly glowing altar of Pakellas.
  5275 | D:7      | Reached *** piety under Okawaru
  5443 | D:8      | Found a bloodstained altar of Trog.
  5450 | D:8      | Found a shadowy altar of Dithmenos.
  5457 | D:8      | Found a shattered altar of Ashenzari.
  5457 | D:8      | Found an oddly glowing altar of Pakellas.
  5459 | D:8      | Found a snail-covered altar of Cheibriados.
  5459 | D:8      | Found an iron altar of Okawaru.
  5549 | D:8      | Found a shimmering altar of Xom.
  5967 | D:8      | Noticed Erica
  5974 | D:8      | Reached skill level 5 in Fighting
  5974 | D:8      | Reached XP level 9. HP: 42/88 MP: 12/12
  5984 | D:8      | Killed Erica
  5984 | D:8      | Reached **** piety under Okawaru
  5984 | D:8      | Reached skill level 8 in Unarmed Combat
  6195 | D:8      | Reached skill level 9 in Unarmed Combat
  6349 | D:8      | Found an opulent altar of Gozag.
  6350 | D:8      | Found a glowing silver altar of Zin.
  7065 | D:9      | Reached XP level 10. HP: 84/98 MP: 11/13
  7171 | D:9      | Reached skill level 10 in Unarmed Combat
  7175 | D:9      | Reached ***** piety under Okawaru
  7411 | D:10     | Entered Level 10 of the Dungeon
  7580 | D:10     | Found a staircase to the Lair.
  7909 | D:10     | Received a gift from Okawaru
  7915 | D:10     | Reached skill level 5 in Dodging
  7919 | D:10     | Reached skill level 11 in Unarmed Combat
  8135 | D:10     | Noticed a gargoyle
  8138 | D:10     | Killed a gargoyle
  8187 | D:11     | Noticed a gargoyle
  8232 | D:11     | Killed a gargoyle
  8238 | D:11     | Noticed a hill giant
  8334 | D:11     | Killed a hill giant
  8334 | D:11     | Reached XP level 11. HP: 70/109 MP: 12/14
  8378 | D:11     | Noticed a brown ugly thing
  8389 | D:11     | Killed a brown ugly thing
  8389 | D:11     | Received a gift from Okawaru
  8392 | D:11     | Got a faintly glowing quarterstaff {god gift}
  8535 | D:11     | Noticed Urug
  8548 | D:11     | Killed Urug
  8907 | D:11     | Noticed a hill giant
  8914 | D:11     | Killed a hill giant
  8914 | D:11     | Reached skill level 12 in Unarmed Combat
  9549 | D:12     | Found a staircase to the Orcish Mines.
  9549 | D:12     | Found Baott's Armour Boutique.
  9708 | D:12     | You fall through a shaft for 2 floors!
  9732 | D:13     | Noticed Sonja
  9999 | D:12     | Noticed a white ugly thing
 10006 | D:12     | Killed a white ugly thing
 10033 | D:12     | Noticed a five-headed hydra
 10039 | D:12     | Killed a five-headed hydra
 10039 | D:12     | Received a gift from Okawaru
 10039 | D:12     | Reached skill level 5 in Throwing
 10538 | D:13     | Noticed a centaur warrior
 10548 | D:13     | Killed a centaur warrior
 10548 | D:13     | Reached XP level 12. HP: 62/120 MP: 16/16
 10835 | D:13     | Reached skill level 1 in Shields
 10949 | D:12     | HP: 6/122 [scorpion (8)]
 10951 | D:12     | HP: 1/122 [poisoned by a scorpion]
 11205 | D:13     | Killed Sonja
 11751 | Lair:1   | Entered Level 1 of the Lair of Beasts
 11790 | Lair:1   | Learned a level 1 spell: Apportation
 11792 | Lair:1   | Learned a level 1 spell: Summon Butterflies
 11794 | Lair:1   | Learned a level 1 spell: Beastly Appendage
 11863 | D:12     | Bought the cursed +1 robe "Ycanik" {rPois rF++ Int+4} for 557 gold pieces
 11968 | Lair:1   | Reached skill level 5 in Shields
 12010 | Lair:1   | Received a gift from Okawaru
 12876 | Lair:2   | Noticed a seven-headed hydra
 12890 | Lair:2   | Killed a seven-headed hydra
 13172 | Lair:2   | Noticed Harold
 13189 | Lair:2   | Killed Harold
 13189 | Lair:2   | Reached skill level 13 in Unarmed Combat
 13189 | Lair:2   | Reached skill level 1 in Summonings
 13189 | Lair:2   | Reached skill level 1 in Translocations
 13233 | Lair:2   | Reached ****** piety under Okawaru
 13239 | Lair:2   | Received a gift from Okawaru
 13604 | Lair:3   | Reached skill level 1 in Transmutations
 13772 | Lair:3   | Found a dark tunnel.
 13802 | Volcano  | Entered a volcano
 13833 | Volcano  | Reached XP level 13. HP: 122/128 MP: 17/17
 14700 | Lair:4   | Reached skill level 14 in Unarmed Combat
 15045 | Lair:4   | Found a staircase to the Swamp.
 15675 | Lair:5   | Found a hole to the Spider Nest.
 16131 | Lair:5   | Received a gift from Okawaru
 16145 | Lair:5   | Got a bloodstained cloak {god gift}
 16259 | Lair:5   | Identified the +1 cloak of Gallantry {Int+9} (Okawaru gifted it to you on level 5 of the Lair of Beasts)
 16259 | Lair:5   | Upgraded the game from 0.18-b1-18-g7758cf2 to 0.18-b1-22-ge198996
 17389 | Lair:6   | Found a staircase to the Slime Pits.
 17400 | Lair:6   | Reached skill level 15 in Unarmed Combat
 17858 | Lair:7   | Reached skill level 10 in Fighting
 17997 | Lair:7   | Received a gift from Okawaru
 17997 | Lair:7   | Reached XP level 14. HP: 140/143 MP: 11/18
 18744 | Lair:7   | Noticed Kirke
 18751 | Lair:7   | Killed Kirke
 19190 | Lair:8   | Entered Level 8 of the Lair of Beasts
 19428 | Lair:8   | Reached skill level 16 in Unarmed Combat
 20287 | Lair:8   | Cast into level 3 of the Abyss (a wizard)
 20396 | Abyss:3  | Noticed a starcursed mass
 20746 | Abyss:3  | Noticed a starcursed mass
 20851 | Abyss:3  | HP: 4/146 [naga/battleaxe (6)]
 20851 | Abyss:3  | HP: 1/146 [guardian serpent/bolt of poison (3)]
 20852 | Abyss:3  | Slain by an ufetubus

Skill      XL: |  1  2  3  4  5  6  7  8  9 10 11 12 13 14 |
---------------+-------------------------------------------+-----
Unarmed Combat | 1 2 3 4 5 7 9 11 12 13 15 16 | 16.8
Fighting       | 2 3 4 5 6 7 8 10 11 | 11.1
Invocations    | 2 5 7 |  7.0
Dodging        | 2 4 5 |  5.8
Throwing       | 5 |  5.6
Shields        | 7 |  7.1
Summonings     | 1 |  1.2
Translocations | 1 |  1.2
Transmutations | 1 |  1.2
Stealth        | |  0.4

Action                   |  1- 3 |  4- 6 |  7- 9 | 10-12 | 13-15 || total
-------------------------+-------+-------+-------+-------+-------++-------
Melee: Unarmed           |    89 |   179 |   314 |   663 |   755 ||  2000
       Punch             |       |     4 |    13 |    30 |       ||    47
       Headbutt          |       |       |       |       |     8 ||     8
       Kick              |       |       |       |       |     1 ||     1
Throw: Large rock        |       |     3 |     6 |    38 |    32 ||    79
       Javelin           |       |       |       |     4 |     2 ||     6
       Throwing net      |       |       |       |     2 |     2 ||     4
 Cast: Beastly Appendage |       |       |       |       |     7 ||     7
Invok: Heroism           |       |       |     2 |    17 |    14 ||    33
       Finesse           |       |       |       |     2 |     3 ||     5
Evoke: Wand              |       |       |       |     3 |     2 ||     5
  Use: Scroll            |     6 |     6 |     7 |    15 |    19 ||    53
       Potion            |       |       |     4 |     7 |     6 ||    17
 Stab: Sleeping          |     2 |     3 |     1 |     2 |     5 ||    13
       Invisible         |       |       |     3 |       |       ||     3
       Distracted        |       |       |       |     1 |     1 ||     2
       Held in net/web   |       |       |       |     1 |     2 ||     3
       Petrified         |       |       |       |       |     1 ||     1
  Eat: Chunk             |    19 |    11 |    41 |    52 |    60 ||   183
       Beef jerky        |       |       |       |     8 |       ||     8
       Pizza             |       |       |       |       |     2 ||     2
Armor: Robe              |    25 |    60 |    92 |    64 |    89 ||   330
       Troll hide        |       |       |       |    60 |       ||    60
Dodge: Dodged            |    42 |    82 |   144 |   308 |   268 ||   844
Block: Shield            |       |       |       |   131 |   357 ||   488
